 Dungeon Crawl Stone Soup version 0.32-a0-685-g93135e86f0 (webtiles) character file.

Game seed: 15684567178221787217

359 Griffin23 the Covered (level 6, -1/55 HPs)
             Began as a Minotaur Fighter on Mar 12, 2024.
             Incinerated by a bombardier beetle (5 damage)
             ... with a burning spray
             ... on level 4 of the Dungeon.
             The game lasted 00:07:29 (4105 turns).

Griffin23 the Covered (Minotaur Fighter)            Turns: 4105, Time: 00:07:30

Health: -1/55      AC: 10    Str: 21    XL:     6   Next: 37%
Magic:  5/5        EV:  8    Int:  5    God:
Gold:   142        SH:  5    Dex: 11    Spells: 5/5 levels left

rFire   . . .        a - +0 long sword
rCold   . . .        c - +0 buckler
rNeg    + . .        j - +0 chain mail
rPois   .            (helmet restricted)
rElec   .            (no cloak)
rCorr   .            (no gloves)
SInv    .            (no boots)
Will    .....        p - macabre finger necklace {Finger+ rN+} Stlth
                     (no ring)
HPRegen 0.29/turn    (no ring)
MPRegen 0.09/turn    (no ring)

%: no passive effects
@: on fire, glowing
A: horns 2, retaliatory headbutt
a: no special abilities


You were on level 4 of the Dungeon.
You visited 1 branch of the dungeon, and saw 4 of its levels.

You collected 142 gold pieces.

Inventory:

Hand Weapons
 a - a +0 long sword (weapon)
Armour
 b - a +0 scale mail
 c - a +0 buckler (worn)
 j - a +0 chain mail (worn)
Jewellery
 p - the macabre finger necklace (around neck) {Finger+ rN+}
   (You found it on level 3 of the Dungeon)

   [amulet of nothing]

   Finger+:   It enables you to equip an extra ring.
   rN+:       It protects you from negative energy.
Scrolls
 f - a scroll of revelation {unknown}
 g - a scroll of teleportation
 i - a scroll of noise {unknown}
 k - 2 scrolls of enchant weapon
 l - 2 scrolls of amnesia {unknown}
 o - a scroll of fear {unknown}
Potions
 d - 3 potions of might
 e - a potion of mutation {unknown}
 h - 2 potions of enlightenment
 m - 3 potions of brilliance
 n - 2 potions of curing
 q - a potion of heal wounds {unknown}


   Skills:
 * Level 4.8 Fighting
 * Level 5.3 Long Blades
 * Level 5.7 Armour
 - Level 1.0 Dodging
 - Level 0.1 Stealth
 * Level 4.4 Shields


You had 5 spell levels left.
You didn't know any spells.
Your spell library contained the following spells:

 Spells                   Type           Power      Damage    Failure   Level
 Kiss of Death            Conj/Necr      0%         2d5       99%         1
 Confusing Touch          Hex            0%         N/A       100%        3
 Animate Dead             Necr           0%         N/A       100%        4
 Dispel Undead            Necr           0%         3d6       100%        4
 Haunt                    Necr/Summ      0%         N/A       100%        7
 Infestation              Necr           0%         N/A       100%        8


Dungeon Overview and Level Annotations

Branches:
Dungeon (4/15)
 Temple: D:4-7

Altars:
The Shining One

Shops:
D:1 (

Annotations:
D:4 Dowan, Duvessa


Innate Abilities, Weirdness & Mutations

You have a pair of horns on your head.
You reflexively headbutt those who attack you in melee.


Message History

You barely miss the bombardier beetle. You headbutt the bombardier beetle.
The bombardier beetle is severely wounded.
You hit the bombardier beetle but do no damage.
The bombardier beetle is severely wounded.
The bombardier beetle sprays incendiary fluid at you.
The burning spray hits you.
You are covered in liquid fire!
You slash the bombardier beetle!
You kill the bombardier beetle!
The liquid fire burns you!
No target in view!
You are on fire!
You are on fire!
You are on fire!
You are on fire!
You are on fire!
You are on fire!
You are on fire!
The liquid fire burns you! The liquid fire burns you!
The liquid fire burns you! The liquid fire burns you!
The liquid fire burns you! The liquid fire burns you!
The liquid fire burns you!
* * * LOW HITPOINT WARNING * * *
The liquid fire burns you!
* * * LOW HITPOINT WARNING * * *
The liquid fire burns you!
* * * LOW HITPOINT WARNING * * *
You feel better. The liquid fire burns you! The liquid fire burns you!
* * * LOW HITPOINT WARNING * * *
The liquid fire burns you!
* * * LOW HITPOINT WARNING * * *
The liquid fire burns you!
* * * LOW HITPOINT WARNING * * *
The liquid fire burns you!
You die...

# #.###.#.######
#.##.##<.#......#
.###.#...#.....###.#
....................
####.....#.........#
.....##.###......###
####.........[#..#
#..#.##...##..#
#...@.#....#..#
#....†.#..#.# .#
#.....#....#.#
....... .....
##...#. .#####
#...#. .# . #####.
.# ## #. .. .


There were no monsters in sight!

Vanquished Creatures
  A phantom (D:4)
  Blork the orc (D:4)
  2 bombardier beetles
  An orc priest (D:2)
  2 adders
  A shadow imp (D:3)
  A white imp (D:3)
  2 ufetubi (D:3)
  2 ribbon worms (D:2)
  4 dart slugs
  2 orcs (D:2)
  6 ball pythons
  3 bats
  3 endoplasms
  3 giant cockroaches
  10 goblins
  6 hobgoblins
  2 jackals (D:1)
  A kobold (D:3)
  2 quokkas
  5 frilled lizards
  5 hobgoblin zombies (D:3)
  A kobold skeleton (D:3)
  An orc skeleton (D:3)
  2 orc zombies (D:3)
  2 rats
71 creatures vanquished.

Notes
Turn   | Place    | Note
-------+----------+-------------------------------------------
     0 | D:1      | Griffin23 the Minotaur Fighter began the quest for the Orb.
     0 | D:1      | Reached XP level 1. HP: 19/19 MP: 0/0
    57 | D:1      | Found a faded altar of an unknown god.
   240 | D:1      | Reached XP level 2. HP: 27/27 MP: 1/1
   264 | D:1      | Found Zonut's Antique Weapon Shoppe.
   867 | D:2      | Reached XP level 3. HP: 33/33 MP: 2/2
  1007 | D:2      | Reached XP level 4. HP: 9/40 MP: 3/3
  2352 | D:3      | Found a glowing golden altar of the Shining One.
  2533 | D:3      | Reached skill level 5 in Armour
  2533 | D:3      | Reached XP level 5. HP: 41/47 MP: 4/4
  2910 | D:3      | Found the macabre finger necklace {Finger+ rN+}
  3264 | D:4      | Noticed an ogre
  3278 | D:3      | HP: 2/47 [ogre/+0 giant club (12)]
  3776 | D:4      | Noticed Blork the orc
  3788 | D:4      | Killed Blork the orc
  3841 | D:4      | Noticed Duvessa
  3841 | D:4      | Noticed Dowan
  4054 | D:4      | Noticed a phantom
  4064 | D:4      | Killed a phantom
  4065 | D:4      | Reached skill level 5 in Long Blades
  4065 | D:4      | Reached skill level 1 in Dodging
  4065 | D:4      | Reached XP level 6. HP: 50/55 MP: 5/5
  4105 | D:4      | Incinerated by a bombardier beetle

Illustrated notes

Levels and vault maps discovered:
D:1:      psy_arrival_heroes, layout_basic, serial_shops,
          nicolae_shop_waterfront, hellmonk_ecumenical_altar_heavens_door
D:2:      cheibrodos_pilgrimage, layout_basic, minmay_tetromino_o2
D:3:      minmay_spotlight, layout_loops_cross, nicolae_tso_besieged_by_evil,
          minmay_goblin_outpost
D:4:      layout_basic, gammafunk_ghost_split, uniq_blork_the_orc, uniq_duvessa

Skill      XL: |  1  2  3  4  5 |
---------------+----------------+-----
Fighting       | 4 |  4.8
Armour         | 4 5 |  5.7
Shields        | 4 |  4.4
Long Blades    | 3 5 |  5.3
Dodging        | 1 |  1.0
Stealth        | |  0.1

Action                     |  1- 3 |  4- 6 || total
---------------------------+-------+-------++-------
  Melee: Long sword        |    45 |   153 ||   198
         Headbutt          |     6 |    22 ||    28
    Use: Scroll            |       |     7 ||     7
         Potion            |       |     1 ||     1
 Armour: Scale mail        |    38 |    15 ||    53
         Chain mail        |       |   102 ||   102
  Dodge: Dodged            |    14 |    63 ||    77
  Block: Buckler           |     7 |    40 ||    47

Table legend: (Time is in decaauts)
 A = Elapsed time spent in this place.
 B = Non-inter-level travel time spent in this place.
 C = Inter-level travel time spent in this place.
 D = Time resting spent in this place.
 E = Time spent auto-exploring this place.
 F = Levels seen in this place.
 G = Mean time per level.
                   A        B        C        D        E       F      G
               +--------+--------+--------+--------+--------+-----+--------+
         Total |   4156 |   3975 |    181 |   1050 |   2283 |   4 | 1039.0 |
       Dungeon |   4156 |   3975 |    181 |   1050 |   2283 |   4 | 1039.0 |
               +--------+--------+--------+--------+--------+-----+--------+

Top non-repeatable levels by time:
     D:2: 1753 daAuts
     D:3: 1620 daAuts
     D:1: 564 daAuts
     D:4: 216 daAuts
